 Dungeon Crawl Stone Soup version 0.31-a0-986-g5e6e4ef867 (webtiles) character file.

Game seed: 3183690726204425110

1270 jlumianski the Ruffian (level 8, -1/61 HPs)
             Began as a Gnoll Shapeshifter on Nov 7, 2023.
             Was an Initiate of Hepliaklqana.
             Killed from afar by Dowan (13 damage)
             ... with a shard of ice
             ... on level 5 of the Dungeon.
             The game lasted 00:18:50 (4065 turns).

jlumianski the Ruffian (Gnoll Shapeshifter)         Turns: 4065, Time: 00:18:50

Health: -1/61      AC:  9    Str: 15    XL:     8   Next: 53%
Magic:  13/13      EV:  9    Int:  9    God:    Hepliaklqana [......]
Gold:   240        SH:  5    Dex: 13    Spells: 13/13 levels left

rFire   . .          .
                       - Unarmed
rCold   . . .        (no shield)
rNeg    + . .        b - +0 chain mail
rPois   .            (helmet currently unavailable)
rElec   .            (cloak currently unavailable)
rCorr   .            (gloves currently unavailable)
SInv    .            (boots currently unavailable)
Will    .....        D - amulet of reflection Stlth
                     w - ring of positive energy
HPRegen 0.30/turn    (no ring)
MPRegen 0.13/turn

%: reflection
@: beast-form
A: beast (slay +4), fangs 1, strong nose, distributed training
a: Begin Untransformation, Renounce Religion


You were on level 5 of the Dungeon.
You worshipped Hepliaklqana.
Hepliaklqana was noncommittal.
You were a hulking beast.
You visited 2 branches of the dungeon, and saw 7 of its levels.
You also visited: Sewer.

You collected 240 gold pieces.

Inventory:

Hand Weapons
 f - a +3 dagger
 h - a +0 rapier
 y - a +1 dagger of electrocution
 H - a +1 flail of protection
Missiles
 g - 5 boomerangs (quivered)
 q - 8 poisoned darts
 A - a throwing net
Armour
 a - a +0 animal skin
 b - a +0 chain mail (worn)
 i - a +2 hat
 s - a +0 helmet
 E - the +0 ring mail "Zaon" {-Tele Int+6 Dex+7}
   (You found it on level 5 of the Dungeon)

   Int+6:     It affects your intelligence (+6).
   Dex+7:     It affects your dexterity (+7).
   -Tele:     It prevents most forms of teleportation.
Jewellery
 w - a ring of positive energy (left hand)
 D - an amulet of reflection (around neck)
Talismans
 c - a beast talisman
 d - a flux talisman
Wands
 I - a wand of polymorph (9)
Scrolls
 e - a scroll of blinking
 k - a scroll of silence {unknown}
 m - a scroll of revelation
 n - a scroll of brand weapon {unknown}
 o - a scroll of poison {unknown}
 p - a scroll of immolation {unknown}
 r - a scroll of amnesia {unknown}
 t - a scroll of fog {unknown}
 C - a scroll of enchant armour {unknown}
 F - a scroll of fear {unknown}
 G - a scroll of butterflies {unknown}
Potions
 j - 2 potions of brilliance
 l - 2 potions of degeneration
 u - a potion of resistance
 v - 2 potions of enlightenment
 x - a potion of curing
 z - a potion of heal wounds
 B - a potion of mutation {unknown}
 J - a potion of attraction


   Skills:
 + Level 4.3 Fighting
 + Level 3.4 Short Blades
 + Level 3.4 Long Blades
 + Level 3.4 Axes
 + Level 3.4 Maces & Flails
 + Level 3.4 Polearms
 + Level 3.4 Staves
 + Level 3.4 Ranged Weapons
 + Level 3.4 Throwing
 + Level 3.4 Armour
 + Level 5.8 Dodging
 + Level 3.4 Stealth
 + Level 3.4 Shields
 + Level 7.4 Unarmed Combat
 + Level 3.4 Spellcasting
 + Level 2.8 Conjurations
 + Level 2.8 Hexes
 + Level 2.8 Summonings
 + Level 2.8 Necromancy
 + Level 2.8 Translocations
 + Level 2.8 Transmutations
 + Level 2.8 Fire Magic
 + Level 2.8 Ice Magic
 + Level 2.8 Air Magic
 + Level 2.8 Earth Magic
 + Level 2.8 Poison Magic
 + Level 3.7 Invocations
 + Level 3.4 Evocations
 + Level 7.3 Shapeshifting


You had 13 spell levels left.
You didn't know any spells.
Your spell library contained the following spells:

 Spells                   Type           Power      Damage    Failure   Level
 Freeze                   Ice            24%        1d4       77%         1
 Frozen Ramparts          Ice            12%        1d2       98%         3
 Hailstorm                Conj/Ice       6%         3d4       98%         3
 Summon Ice Beast         Ice/Summ       6%         N/A       100%        4
 Simulacrum               Ice/Necr       3%         N/A       100%        6


Dungeon Overview and Level Annotations

Branches:
Dungeon (6/15)             Temple (1/1) D:4           Sewer (visited)

Altars:
Ashenzari
Cheibriados
Dithmenos
Elyvilon
Fedhas
Gozag
Hepliaklqana
Kikubaaqudgha
Makhleb
Nemelex Xobeh
Okawaru
Qazlal
Ru
Sif Muna
Trog
Uskayaw
Vehumet
Wu Jian
Xom
Yredelemnul
Zin
The Shining One

Annotations:
D:5 Dowan


Innate Abilities, Weirdness & Mutations

You are a hulking beast.
Your limbs bulge with bestial killing power. (Slay +4)
You have very sharp teeth.
Your uncanny sense of smell can sniff out nearby items.
Your experience applies equally to all skills.


Message History

* * * LOW HITPOINT WARNING * * *
Grinder gestures at you.
You struggle to resist.
Grinder hits you!
* * * LOW HITPOINT WARNING * * *
You can move again.
You punch Grinder!
You kill Grinder!
Dowan, Brother of Duvessa comes into view.
He is wielding a +0 dagger.
Okay, then.
Things that are here:
a +0 short sword; a +0 scale mail; the elf corpse of Duvessa Dowan shouts!
Dowan seems to find hidden reserves of power!
Dowan gestures wildly while chanting.
Dowan blinks!
Dowan mumbles some strange words.
Dowan blinks!
There is an open door here.
You close the door.
You open the door.
Something unseen opens the door.
There is an open door here.
Dowan mumbles some strange words.
Dowan blinks!
Dowan mumbles some strange words.
Dowan blinks!
You feel better.
You punch Dowan!
Dowan is moderately wounded.
Dowan closely misses you. Dowan hits you but does no damage.
You barely miss Dowan.
Dowan is moderately wounded.
Dowan casts a spell at you. The stone arrow hits you!
* * * LOW HITPOINT WARNING * * *
You hit Dowan.
Dowan is heavily wounded.
Dowan gestures at you while chanting. The shard of ice hits you!
You die...

#.....#.....#..#
#.....#........#
#.....#........# .
#.....'........# ...
#.....#.......#######.##
#.....#.......#.........
#.....#.......#......#
#)....#.......#......+
#.....#.......'.he...#
#.....#.......#......#
.§....#########......#
......#∆ +......#
......# #...$..# ......#
#......# ......#
#.....o#
#.....#########......#
#....................#


You could see Dowan (fast) and an orc.

Vanquished Creatures
  Grinder (D:5)
  Menkaure (D:4)
  Edmund (D:4)
  Duvessa (D:5)
  A water moccasin (D:4)
  An ogre (D:4)
  A phantom (D:5)
  A kobold brigand (Sewer)
  A scorpion (D:3)
  A hound (D:4)
  2 iguanas (D:4)
  Jessica (D:2)
  Terence (D:2)
  Natasha (thrice) (D:4)
  2 adders (D:4)
  5 river rats
  A white imp (D:6)
  2 worms (D:4)
  4 dart slugs
  6 ball pythons
  2 bats (D:2)
  10 endoplasms
  A giant cockroach (D:3)
  5 goblins
  4 hobgoblins
  10 jackals
  9 kobolds
  2 quokkas
  2 frilled lizards
  9 rats
91 creatures vanquished.

Notes
Turn   | Place    | Note
-------+----------+-------------------------------------------
     0 | D:1      | jlumianski the Gnoll Shapeshifter began the quest for the
                  | Orb.
     0 | D:1      | Reached XP level 1. HP: 17/17 MP: 1/1
   123 | D:1      | Reached XP level 2. HP: 18/23 MP: 2/2
   311 | D:2      | Found a shimmering altar of Xom.
   317 | D:2      | Noticed Jessica
   440 | D:1      | Found a faded altar of an unknown god.
   715 | D:1      | Reached XP level 3. HP: 27/28 MP: 3/3
   799 | D:2      | Killed Jessica
   800 | D:2      | Reached skill level 1 in Short Blades
   800 | D:2      | Reached skill level 1 in Long Blades
   800 | D:2      | Reached skill level 1 in Axes
   800 | D:2      | Reached skill level 1 in Maces & Flails
   800 | D:2      | Reached skill level 1 in Polearms
   800 | D:2      | Reached skill level 1 in Staves
   800 | D:2      | Reached skill level 1 in Ranged Weapons
   800 | D:2      | Reached skill level 1 in Throwing
   800 | D:2      | Reached skill level 1 in Armour
   800 | D:2      | Reached skill level 1 in Stealth
   800 | D:2      | Reached skill level 1 in Shields
   800 | D:2      | Reached skill level 1 in Spellcasting
   800 | D:2      | Reached skill level 1 in Invocations
   800 | D:2      | Reached skill level 1 in Evocations
   849 | D:3      | Found a bloodstained altar of Trog.
   849 | D:3      | Found a radiant altar of Vehumet.
   850 | D:3      | Found a broken altar of Ashenzari.
   922 | D:2      | Noticed Terence
   951 | D:2      | Killed Terence
   952 | D:2      | Reached XP level 4. HP: 27/34 MP: 5/5
  1112 | D:2      | Reached skill level 1 in Conjurations
  1112 | D:2      | Reached skill level 1 in Hexes
  1112 | D:2      | Reached skill level 1 in Summonings
  1112 | D:2      | Reached skill level 1 in Necromancy
  1112 | D:2      | Reached skill level 1 in Translocations
  1112 | D:2      | Reached skill level 1 in Transmutations
  1112 | D:2      | Reached skill level 1 in Fire Magic
  1112 | D:2      | Reached skill level 1 in Ice Magic
  1112 | D:2      | Reached skill level 1 in Air Magic
  1112 | D:2      | Reached skill level 1 in Earth Magic
  1112 | D:2      | Reached skill level 1 in Poison Magic
  1649 | D:4      | Found a staircase to the Ecumenical Temple.
  1676 | D:4      | Reached XP level 5. HP: 40/40 MP: 5/7
  1701 | D:4      | Found a stormy altar of Qazlal.
  1703 | D:4      | Found a blossoming altar of Fedhas.
  1802 | D:4      | Noticed an ogre
  1820 | D:4      | Killed an ogre
  1821 | D:4      | Reached XP level 6. HP: 16/47 MP: 8/8
  1825 | D:4      | Reached skill level 5 in Dodging
  1852 | D:4      | Noticed Natasha
  1863 | D:4      | Killed Natasha
  1912 | D:4      | Found a glowing drain.
  1927 | Sewer    | Entered a sewer
  2291 | Sewer    | Found a white marble altar of Elyvilon.
  2463 | D:4      | Reached XP level 7. HP: 50/52 MP: 10/10
  3074 | D:5      | Entered Level 5 of the Dungeon
  3133 | D:5      | Identified the +0 ring mail "Zaon" {-Tele Int+6 Dex+7}
  3186 | D:4      | Noticed Natasha
  3188 | D:4      | Killed Natasha
  3260 | D:4      | Noticed Menkaure
  3266 | D:4      | Killed Menkaure
  3359 | D:4      | Found a glowing golden altar of the Shining One.
  3384 | D:4      | Noticed Edmund
  3398 | D:4      | Killed Edmund
  3399 | D:4      | Reached XP level 8. HP: 59/60 MP: 12/12
  3514 | D:4      | Noticed Natasha
  3521 | D:4      | Killed Natasha
  3839 | Temple   | Entered the Ecumenical Temple
  3859 | Temple   | Became a worshipper of Hepliaklqana the Forgotten
  3964 | D:5      | Noticed Duvessa
  3965 | D:5      | Noticed Grinder
  4018 | D:5      | Killed Duvessa
  4028 | D:5      | Paralysed by Grinder for 5 turns
  4034 | D:5      | Killed Grinder
  4034 | D:5      | Noticed Dowan
  4065 | D:5      | Killed from afar by Dowan

Illustrated notes

Levels and vault maps discovered:
D:1:      psy_arrival_radial02, layout_basic, nicolae_ecumenical_snake_handling
D:2:      layout_basic, basic_altar, minmay_splitting_lines,
          minmay_misc_feat_chi, uniq_terence, uniq_jessica
D:3:      layout_basic, chequers_temple_overflow_statue_of_worship
D:4:      layout_basic, grunt_temple_overflow_forces_of_nature,
          lemuel_crystal_altar, minmay_temple_entry_from_below_b,
          lightli_sewer_entry_pipes, grunt_decor_mini_mirrors, uniq_menkaure,
          uniq_natasha, uniq_edmund
D:5:      layout_gridville, uniq_grinder, uniq_duvessa
D:6:      layout_loops_ring, dk_noncrumbling_2, small_statue_intersection
Temple:   eino_temple_scatter_basement

Skill      XL: |  1  2  3  4  5  6  7 |
---------------+----------------------+-----
Short Blades   | 1 2 3 |  3.4
Long Blades    | 1 2 3 |  3.4
Axes           | 1 2 3 |  3.4
Maces & Flails | 1 2 3 |  3.4
Polearms       | 1 2 3 |  3.4
Staves         | 1 2 3 |  3.4
Ranged Weapons | 1 2 3 |  3.4
Throwing       | 1 2 3 |  3.4
Armour         | 1 2 3 |  3.4
Stealth        | 1 2 3 |  3.4
Shields        | 1 2 3 |  3.4
Spellcasting   | 1 2 3 |  3.4
Invocations    | 1 2 3 |  3.7
Evocations     | 1 2 3 |  3.4
Conjurations   | 1 2 |  2.8
Hexes          | 1 2 |  2.8
Summonings     | 1 2 |  2.8
Necromancy     | 1 2 |  2.8
Translocations | 1 2 |  2.8
Transmutations | 1 2 |  2.8
Fire Magic     | 1 2 |  2.8
Ice Magic      | 1 2 |  2.8
Air Magic      | 1 2 |  2.8
Earth Magic    | 1 2 |  2.8
Poison Magic   | 1 2 |  2.8
Fighting       | 3 4 |  4.3
Dodging        | 5 |  5.8
Unarmed Combat | 7 |  7.4
Shapeshifting  | 7 |  7.3

Action                     |  1- 3 |  4- 6 |  7- 9 || total
---------------------------+-------+-------+-------++-------
  Melee: Unarmed           |    56 |    95 |   102 ||   253
         Bite              |     2 |     8 |     9 ||    19
         Punch             |       |     4 |     4 ||     8
  Throw: Boomerang         |     1 |     3 |     7 ||    11
    Use: Potion            |     1 |     2 |     2 ||     5
         Scroll            |       |     6 |     1 ||     7
   Stab: Sleeping          |     1 |       |       ||     1
 Armour: Animal skin       |    21 |       |       ||    21
         Skin              |     2 |       |       ||     2
         Chain mail        |       |    68 |    50 ||   118
  Dodge: Dodged            |    25 |    37 |    30 ||    92
  Block: Other             |       |       |     6 ||     6

Table legend: (Time is in decaauts)
 A = Elapsed time spent in this place.
 B = Non-inter-level travel time spent in this place.
 C = Inter-level travel time spent in this place.
 D = Time resting spent in this place.
 E = Time spent auto-exploring this place.
 F = Levels seen in this place.
 G = Mean time per level.
                   A        B        C        D        E       F      G
               +--------+--------+--------+--------+--------+-----+--------+
         Total |   4199 |   4140 |     59 |    289 |   1748 |   8 |  524.9 |
       Dungeon |   3593 |   3534 |     59 |    125 |   1579 |   6 |  598.8 |
        Temple |     33 |     33 |      0 |      0 |      0 |   1 |   33.0 |
         Sewer |    572 |    572 |      0 |    164 |    168 |   1 |  572.0 |
               +--------+--------+--------+--------+--------+-----+--------+

Top non-repeatable levels by time:
     D:4: 1270 daAuts
     D:2: 793 daAuts
     D:1: 735 daAuts
   Sewer: 572 daAuts
     D:3: 496 daAuts
     D:5: 283 daAuts
  Temple: 33 daAuts
     D:6: 14 daAuts
